 Dungeon Crawl Stone Soup version 0.28.0 (webtiles) character file.

Game seed: 8307696341648116137

28 ProzacElf the Ducker (level 3, 27/27 HPs)
             Began as a Demonspawn Gladiator on Feb 5, 2022.
             Was an Initiate of Ru.
             Quit the game on level 2 of the Dungeon.
             The game lasted 00:03:25 (1067 turns).

ProzacElf the Ducker (Demonspawn Gladiator)         Turns: 1067, Time: 00:03:26

Health: 27/27      AC: 12    Str: 16    XL:     3   Next: 0%
Magic:  3/3        EV:  5    Int:  9    God:    Ru [......]
Gold:   69         SH:  0    Dex: 14    Spells: 2/2 levels left

rFire   . . .      SeeInvis .   a - +0 long sword
rCold   . . .      Faith    .   (no shield)
rNeg    . . .      Spirit   .   i - +0 plate armour
rPois   .          Reflect  .   c - +0 helmet
rElec   .          Harm     .   (no cloak)
rCorr   .          Rampage  .   f - +0 pair of gloves
Will    .....                   (no boots)
Stlth   ..........              (no amulet)
HPRegen 0.09/turn               (no ring)
MPRegen 0.08/turn               (no ring)

@: no status effects
A: claws 1
a: Renounce Religion, Sacrifice Arcana, Sacrifice Nimbleness, Sacrifice Skill,
Reject Sacrifices


You were on level 2 of the Dungeon.
You worshipped Ru.
Ru was noncommittal.
You visited 1 branch of the dungeon, and saw 2 of its levels.

You collected 69 gold pieces.

Inventory:

Hand Weapons
 a - a +0 long sword (weapon)
Missiles
 d - 3 throwing nets (quivered)
 e - 50 stones
 h - 6 boomerangs
Armour
 b - a +0 leather armour
 c - a +0 helmet (worn)
 f - a +0 pair of gloves (worn)
 i - a +0 plate armour (worn)
Scrolls
 j - a scroll of holy word {unknown}
 k - a scroll of vulnerability {unknown}
 m - a scroll of identify {unknown}
Potions
 g - a potion of curing {unknown}
 l - a potion of haste {unknown}


   Skills:
 - Level 2.0 Fighting
 + Level 3.3 Long Blades
 - Level 1.7 Throwing
 + Level 3.3 Dodging


You had 2 spell levels left.
You didn't know any spells.
Your spell library contained the following spells:

 Spells                   Type           Power      Damage    Failure   Level
 Static Discharge         Conj/Air       0%         N/A       100%        2
 Dispel Undead            Necr           0%         3d6       100%        4
 Sticky Flame             Conj/Fire      0%         2d3       100%        4


Dungeon Overview and Level Annotations

Branches:
Dungeon (2/15)

Altars:
Ru


Innate Abilities, Weirdness & Mutations

You have sharp fingernails.


Message History

Tha orc be heavily wounded.
Tha orc hits ye but does nay damage.
Ye hit tha orc but do nay damage.
Tha orc be heavily wounded.
Tha orc hits ye but does nay damage.
Ye closely miss tha orc.
Tha orc be heavily wounded.
Tha orc hits ye but does nay damage.
Ye hit tha orc but do nay damage.
Tha orc be heavily wounded.
Tha orc hits ye but does nay damage. x2
Ye hit tha orc.
Ye kill tha orc!
Ye haf reached level 3!
Yer 'sperience leads ta an increase in yer attributes!
Increase (S)tr'ngth, (I)ntelligence, or (D)'sterity?
Ye feel stronger. x2
Ye regain'd 4 hp, an' now haf 22/27 hp.
MP restored: 3 HP restored.
Thin's tha be 'ere: a +0 dagger; a +0 scale mail; an orc corpse Health restored: 27 Thar be a stone staircase leadin' down 'ere.
e - 50 stones (gain'd 24) Ye now haf 69 gold pieces (gain'd 9).
Ye op'n tha door.
Thar be an op'n door 'ere.
As ye op'n tha huge gate, it creaks loudly!
Found a faded altar o' an unknown god.
Thar be a huge op'n gate 'ere.
Thar be a huge op'n gate 'ere.
Thar be a faded altar o' an unknown god 'ere.
Ye cannae tell which god 'tis altar belongs ta.
Convert ta 'em anyway?
Ru accepts yer prayer!
Ru welcomes ye!
Thar be a huge op'n gate 'ere.
Thar be a huge op'n gate 'ere.
Ru believes ye be ready ta make a new sacrifice.
Be ye sure ye want ta abandon 'tis character an' quit tha game? (Confirm wit' "aye".)

................##.#
.......'''''....##.#
......'''''....##.#
......''_''....'..#
+###.'''''....#### #
#.'''''....#
#.###..........#
#.^..##+########
####@# #.# ..# ####


There were no monsters in sight!

Vanquished Creatures
  A dart slug (D:2)
  An orc (D:2)
  2 giant cockroaches (D:1)
  4 goblins
  6 kobolds
  3 quokkas
  A ball python (D:1)
  2 frilled lizards
  A rat (D:1)
21 creatures vanquished.

Notes
Turn   | Place    | Note
-------+----------+-------------------------------------------
     0 | D:1      | ProzacElf the Demonspawn Gladiator began the quest for the
                  | Orb.
     0 | D:1      | Reached XP level 1. HP: 16/16 MP: 1/1
     1 | D:1      | Noticed an electric eel
   178 | D:1      | Gained mutation: You have sharp fingernails. [demonic
                  | ancestry]
   178 | D:1      | Reached XP level 2. HP: 22/22 MP: 2/2
   958 | D:2      | Reached XP level 3. HP: 22/27 MP: 3/3
  1057 | D:2      | Found a faded altar of an unknown god.
  1061 | D:2      | Prayed at the altar of an unknown god.
  1061 | D:2      | Became a worshipper of Ru the Awakened
  1067 | D:2      | Quit the game

Illustrated notes

Levels and vault maps discovered:
D:1:      arrival_aquarium_a, layout_basic, minmay_liquid_box
D:2:      minmay_chambers_of_ones, layout_basic,
          hellmonk_ecumenical_altar_heavens_door, basic_altar,
          minmay_misc_feat_pillars, uniq_sigmund

Skill      XL: |  1 |
---------------+----+-----
Long Blades    | 3 |  3.3
Dodging        | 3 |  3.3
Fighting       | |  2.0
Throwing       | |  1.7

Action                   || total
-------------------------++-------
Melee: Long sword        ||    67
Armor: Leather armour    ||     5
       Plate armour      ||    59
Dodge: Dodged            ||    19
